 Dungeon Crawl Stone Soup version 0.29-a0-43-g62a80824bf (webtiles) character file.

Game seed: 16363913545004818384

18807 fragbeetle the Basher (level 12, -11/177 HPs)
             Began as a Troll Berserker on Feb 2, 2022.
             Was an Elder of Trog.
             Mangled by a five-headed hydra (12 damage)
             ... on level 2 of the Lair of Beasts on Feb 3, 2022.
             The game lasted 00:39:35 (11599 turns).

fragbeetle the Basher (Troll Berserker)            Turns: 11599, Time: 00:39:38

Health: -11/177    AC: 10    Str: 33    XL:     12   Next: 31%
Magic:  11/11      EV: 10    Int:  7    God:    Trog [****..]
Gold:   1188       SH:  0    Dex:  7    Spells: 11/11 levels left

rFire   . . .      SeeInvis .   a - +0 scimitar (flame)
rCold   + . .      Faith    .   (no shield)
rNeg    . . .      Spirit   .   L - +1 steam dragon scales
rPois   +          Reflect  .   h - +0 hat of Howling Wind {rF+ Will+ Dex-4 Stlth+}
rElec   .          Harm     .   Q - +0 cloak
rCorr   .          Rampage  .   (gloves unavailable)
Will    ++...                   (boots unavailable)
Stlth   ..........              Z - amulet of the acrobat
HPRegen 1.19/turn               C - ring of poison resistance
MPRegen 0.12/turn               D - ring "Paosuas" {Ice Will+ Str+5 Int+2}

@: berserking, studying 2 skills, very quick
A: large, unfitting armour, claws 3, regeneration 1, shaggy fur 1, tough skin 1
a: Renounce Religion, Berserk, Trog's Hand, Brothers in Arms


You were on level 2 of the Lair of Beasts.
You worshipped Trog.
Trog was greatly pleased with you.
You visited 3 branches of the dungeon, and saw 15 of its levels.
You also visited: Ossuary and Bailey.

You collected 1408 gold pieces.
You spent 220 gold pieces at shops.

Inventory:

Hand Weapons
 a - a +0 scimitar of flaming (weapon)
 y - a +1 giant spiked club
 U - a +2 whip of freezing
 W - a +2 mace of protection
Missiles
 b - 8 large rocks
 c - 2 silver javelins
 f - 65 poisoned darts
 K - 4 silver boomerangs
 O - 20 boomerangs (quivered)
 P - 2 throwing nets
 S - 5 atropa-tipped darts
Armour
 h - the +0 hat of Howling Wind (worn) {rF+ Will+ Dex-4 Stlth+}
   (You acquired it on level 1 of the Lair of Beasts)

   Dex:       It affects your dexterity (-4).
   rF:        It protects you from fire.
   Will:      It increases your willpower.
   Stlth:     It makes you more stealthy.
 L - +1 steam dragon scales (worn)
 Q - a +0 cloak (worn)
Jewellery
 e - a ring of resist corrosion
 l - a ring of ice
 m - a +4 ring of evasion
 p - an amulet of magic regeneration
 C - a ring of poison resistance (left claw)
 D - the ring "Paosuas" (right claw) {Ice Will+ Str+5 Int+2}
   (You found it on level 6 of the Dungeon)

   [ring of ice]

   It enhances your ice magic.
   Str:       It affects your strength (+5).
   Int:       It affects your intelligence (+2).
   rF:        It makes you vulnerable to fire.
   rC:        It protects you from cold.
   Will:      It increases your willpower.
 N - a ring of see invisible
 X - a ring of willpower
 Z - an amulet of the acrobat (around neck)
Wands
 n - a wand of charming (13)
 s - a wand of acid (1)
 w - a wand of paralysis (13)
 A - a wand of polymorph (1)
 B - a wand of iceblast (9)
 R - a wand of digging (10)
 V - a wand of mindburst (4)
Scrolls
 i - 6 scrolls of teleportation {unknown}
 j - a scroll of enchant armour
 k - 2 scrolls of fog
 o - 2 scrolls of fear
 G - 2 scrolls of enchant weapon
 H - 2 scrolls of silence {unknown}
 I - a scroll of magic mapping {unknown}
 M - a scroll of noise {unknown}
 Y - a scroll of blinking {unknown}
Potions
 d - 2 potions of cancellation
 g - 6 potions of flight
 t - a potion of resistance {unknown}
 u - 3 potions of heal wounds
 v - a potion of might
 x - 2 potions of haste {unknown}
 E - 2 potions of attraction
 F - 4 potions of curing
 J - 2 potions of magic {unknown}
 T - a potion of mutation {unknown}
Miscellaneous
 z - a condenser vane (inert)


   Skills:
 + Level 7.3 Fighting
 * Level 11.2 Maces & Flails
 * Level 9.4 Throwing
 * Level 6.8 Armour
 - Level 3.0 Dodging
 * Level 5.5 Evocations


You had 11 spell levels left.
You didn't know any spells.
Your spell library was empty.

Dungeon Overview and Level Annotations

Branches:
Dungeon (12/15)            Temple (1/1) D:6            Lair (2/6) D:9
Ossuary (visited)          Bailey (visited)
  Swamp: Lair:2-4    Shoals: Lair:2-4     Snake: Lair:2-4    Spider: Lair:2-4
    Orc: D:9-12

Altars:
Nemelex Xobeh
Qazlal

Shops:
D:5 =((   D:8 [   D:9 :

Annotations:
D:6 1 runed translucent door, Drazool's ghost, novice VSGl


Innate Abilities, Weirdness & Mutations

You are too large for most types of armour.
You have claws for hands.
Your natural rate of healing is unusually fast.
You are covered in fur. (AC +1)
You have tough skin. (AC +1)


Message History

The six-headed hydra misses you. The six-headed hydra bites you.
* * * LOW HITPOINT WARNING * * *
You hit the six-headed hydra. You burn the six-headed hydra.
The six-headed hydra is moderately wounded.
The six-headed hydra bites you.
* * * LOW HITPOINT WARNING * * *
The six-headed hydra bites you.
* * * LOW HITPOINT WARNING * * *
The six-headed hydra barely misses you.
The six-headed hydra closely misses you.
The six-headed hydra bites you but does no damage.
The six-headed hydra bites you.
* * * LOW HITPOINT WARNING * * *
A red film seems to cover your vision as you go berserk!
You feel yourself moving faster!
You feel mighty! The six-headed hydra bites you.
* * * LOW HITPOINT WARNING * * *
The six-headed hydra closely misses you.
The six-headed hydra bites you but does no damage.
The six-headed hydra bites you!
* * * LOW HITPOINT WARNING * * *
The six-headed hydra bites you!
* * * LOW HITPOINT WARNING * * *
The six-headed hydra closely misses you.
The yak barely misses you.
A yak comes into view. x2
The yak bellows!
You chop one of the six-headed hydra's heads off!
The flame cauterises the wound!
You slash the five-headed hydra! You burn the five-headed hydra.
The five-headed hydra is heavily wounded.
You hear a bellow!
The five-headed hydra bites you.
* * * LOW HITPOINT WARNING * * *
The five-headed hydra bites you!
* * * LOW HITPOINT WARNING * * *
The five-headed hydra bites you but does no damage.
The five-headed hydra closely misses you.
The five-headed hydra bites you!
You die...

#...........
###YY.##... ##.P##
#...# ###..##
#....### ###..Y.##
###DY.# #.@P## ##..#
#.#.## ##...# ##..#
### #P.## #.## # ###
##..#####..### #
....###.P##......####
.........##........##


You could see a five-headed hydra and 4 yaks.

Vanquished Creatures
  Harold (D:9)
  Erolcha (D:9)
  Fannar (Lair:1)
  Erica (D:11)
  Pikel (D:9)
  2 orc knights (Bailey)
  A manticore (D:11)
  A gargoyle (D:10)
  4 cane toads
  A kobold demonologist (D:11)
  Psyche (D:8)
  A komodo dragon (Lair:1)
  A hornet (D:7)
  A troll (D:10)
  3 blink frogs (Lair:2)
  Sigmund (D:5)
  6 yaks
  5 basilisks
  3 wyverns
  3 steam dragons
  2 acid dragons
  3 water moccasins
  2 ice beasts
  11 orc warriors
  2 sky beasts
  2 black bears
  2 necrophages
  3 ogres
  4 wolves (Lair:1)
  3 centaurs
  A lemure (D:9)
  A phantom (D:5)
  18 kobold brigands (D:11)
  2 bullfrogs
  A scorpion (D:6)
  A gnoll sergeant (D:10)
  5 wights
  2 electric eels (D:9)
  7 howler monkeys
  A lava snake (D:9)
  7 centaur zombies
  2 hounds (D:7)
  A jelly (D:5)
  5 orc priests
  A bullfrog skeleton (D:6)
  2 centaur skeletons
  A gnoll shaman (D:7)
  7 orc wizards
  Ijyb (D:4)
  A scorpion zombie (D:5)
  5 iguanas
  Terence (D:3)
  8 mummies (Ossuary)
  16 gnolls
  A howler monkey skeleton (D:4)
  6 adders
  A white imp (D:7)
  2 ufetubi
  An adder skeleton (D:5)
  2 worms (D:2)
  6 dart slugs
  23 orcs
  11 ball pythons
  4 bats
  8 endoplasms
  2 giant cockroaches (D:2)
  2 gnoll zombies (Ossuary)
  25 goblins
  9 hobgoblins
  10 jackals
  A quokka (D:1)
  A frilled lizard (D:3)
  2 hobgoblin zombies (Ossuary)
  23 kobolds
  3 kobold zombies (Ossuary)
  An orc zombie (Ossuary)
  4 rats (D:3)
318 creatures vanquished.

Vanquished Creatures (collateral kills)
  2 komodo dragons (Lair:1)
  4 blink frogs (Lair:1)
  2 yaks (D:12)
  An acid dragon (D:12)
  An orc warrior (D:12)
  2 orcs (D:12)
12 creatures vanquished.

Vanquished Creatures (others)
  A kobold (Bailey)
  2 fungi (Lair:2)
  3 plants
6 creatures vanquished.

Grand Total: 336 creatures vanquished

Notes
Turn   | Place    | Note
-------+----------+-------------------------------------------
     0 | D:1      | fragbeetle the Troll Berserker began the quest for the Orb.
     0 | D:1      | Reached XP level 1. HP: 22/22 MP: 0/0
   198 | D:1      | Found a faded altar of an unknown god.
   202 | D:1      | Reached skill level 3 in Maces & Flails
   331 | D:1      | Reached XP level 2. HP: 29/29 MP: 1/1
   471 | D:1      | Reached ** piety under Trog
   772 | D:2      | Reached XP level 3. HP: 30/36 MP: 2/2
   830 | D:2      | Reached XP level 4. HP: 30/44 MP: 3/3
  1123 | D:2      | Reached skill level 4 in Maces & Flails
  1701 | D:2      | Reached XP level 5. HP: 53/53 MP: 4/4
  1892 | D:3      | Noticed Terence
  1898 | D:3      | Killed Terence
  2542 | D:4      | Reached *** piety under Trog
  2608 | D:4      | Reached skill level 5 in Maces & Flails
  2636 | D:4      | Found a sparkling altar of Nemelex Xobeh.
  2645 | D:4      | Noticed Ijyb
  2672 | D:4      | Killed Ijyb
  2673 | D:4      | Reached XP level 6. HP: 18/61 MP: 5/5
  3240 | D:4      | Reached skill level 1 in Throwing
  3441 | D:5      | Entered Level 5 of the Dungeon
  3463 | D:5      | Reached XP level 7. HP: 66/68 MP: 6/6
  3759 | D:5      | Reached skill level 6 in Maces & Flails
  3900 | D:5      | Reached XP level 8. HP: 57/79 MP: 7/7
  3928 | D:5      | Noticed Sigmund
  3994 | D:5      | Killed Sigmund
  4123 | D:5      | Found Baekivemit's Jewellery Boutique.
  4129 | D:5      | Bought a ring of poison resistance for 220 gold pieces
  4214 | D:5      | Found Puomet Kear's Weapon Boutique.
  4303 | D:5      | Found Medul's Weapon Shop.
  4424 | D:5      | Reached skill level 7 in Maces & Flails
  4517 | D:6      | Noticed Drazool's ghost (novice VSGl)
  4520 | D:6      | Found a runed translucent door.
  4527 | D:6      | Identified the ring "Paosuas" {Ice Will+ Str+5 Int+2}
  4560 | D:6      | Found a staircase to the Ecumenical Temple.
  4604 | Temple   | Entered the Ecumenical Temple
  4778 | D:6      | Reached skill level 5 in Throwing
  4797 | D:6      | Reached skill level 5 in Fighting
  5092 | D:7      | Found a sand-covered staircase.
  5100 | Ossuary  | Entered an ossuary
  5139 | Ossuary  | Reached **** piety under Trog
  5373 | D:7      | Found a stormy altar of Qazlal.
  5402 | D:7      | Noticed a hornet
  5440 | D:7      | Paralysed by a hornet for 3 turns
  5445 | D:7      | Killed a hornet
  5446 | D:7      | Reached skill level 8 in Maces & Flails
  5446 | D:7      | Reached XP level 9. HP: 88/88 MP: 8/8
  5809 | D:7      | Reached skill level 1 in Armour
  6197 | D:8      | Noticed Psyche
  6246 | D:8      | Killed Psyche
  6452 | D:8      | Reached skill level 9 in Maces & Flails
  6611 | D:8      | Found Hezonkek's Superior Scales.
  6760 | D:9      | Reached XP level 10. HP: 67/98 MP: 9/9
  6896 | D:9      | Noticed Harold
  6910 | D:9      | Killed Harold
  6911 | D:9      | Reached skill level 1 in Evocations
  6973 | D:9      | Found a staircase to the Lair.
  7025 | D:9      | Found Destism's Book Boutique.
  7093 | D:9      | Noticed Erolcha
  7099 | D:9      | Killed Erolcha
  7115 | D:9      | Found a flagged portal.
  7147 | Bailey   | Entered a bailey
  7155 | Bailey   | Noticed an orc knight
  7225 | Bailey   | Noticed an orc knight
  7245 | Bailey   | Killed an orc knight
  7443 | Bailey   | Killed an orc knight
  7923 | D:9      | Noticed Pikel
  7932 | D:9      | Killed Pikel
  7933 | D:9      | Reached skill level 10 in Maces & Flails
  7933 | D:9      | Reached XP level 11. HP: 102/107 MP: 10/10
  8150 | D:10     | Entered Level 10 of the Dungeon
  8209 | D:10     | Reached skill level 5 in Armour
  8975 | D:11     | You fall into a shaft and drop 1 floor!
  9050 | D:12     | Identified 2 scrolls of acquirement
  9408 | D:11     | Noticed Erica
  9416 | D:11     | Killed Erica
 10020 | Lair:1   | Entered Level 1 of the Lair of Beasts
 10047 | Lair:1   | Acquired the +0 hat of Howling Wind {rF+ Will+ Dex-4
                  | Stlth+}
 10054 | Lair:1   | Acquired a manual of Throwing
 10283 | Lair:1   | Noticed Fannar
 10337 | Lair:1   | Killed Fannar
 10338 | Lair:1   | Reached skill level 5 in Evocations
 10465 | Lair:1   | Reached XP level 12. HP: 118/118 MP: 11/11
 10626 | Lair:1   | Reached skill level 11 in Maces & Flails
 11580 | Lair:2   | Noticed an eight-headed hydra
 11599 | Lair:2   | HP: 1/177 [five-headed hydra (11)]
 11599 | Lair:2   | Mangled by a five-headed hydra

Illustrated notes

Levels and vault maps discovered:
D:1:      nagdon_arrival_double_spiral, layout_loops_ring,
          dreamdust_ecumenical_altar_hidden_monk_grotto, serial_glass,
          glass_columns_a, glass_columns_b
D:2:      layout_basic, kennysheep_minor_cross, kennysheep_cross_bottleneck,
          nrook_campfire, nicolae_concentric_dashed_squares_mild,
          chequers_serial_rivers_micro_e
D:3:      layout_loops_ring, uniq_terence
D:4:      layout_basic, mainiacjoe_overflow_chevrons, minmay_ogre_servants,
          uniq_ijyb
D:5:      layout_basic, serial_shops,
          nicolae_shop_temple_entry_statues_fountains, nicolae_shop_trees,
          nicolae_shop_bloodbath_and_beyond, uniq_sigmund
D:6:      layout_cave_pools, minmay_temple_entry_statues_fountains,
          hellmonk_ghost_happy_afterlife, serial_bayou_pond_a
D:7:      layout_rooms, overflow_temple_1_default, nicolae_ossuary_entry_plus,
          minmay_manual_mess
D:8:      minmay_goldmine, layout_cave_pools, hellmonk_scale_shop, uniq_psyche
D:9:      layout_basic, david_lair_generic, enter_bailey_5, serial_shops,
          nicolae_take_the_stairs, nicolae_lava_and_water, uniq_pikel,
          uniq_erolcha, uniq_harold
D:10:     layout_loops_ring
D:11:     layout_roguey [special_room_kobold], uniq_erica
D:12:     layout_gridville, orc_0_dummy
Temple:   mainiacjoe_temple_big_plus
Lair:1:   layout_roguey, infiniplex_staircase_pool, serial_bayou_shore_b,
          grunt_megastairs_4, serial_bayou_shore_b, uniq_fannar
Lair:2:   layout_cave_pods, elwin_shoals_entry_rocks,
          spider_nest_entry_funnel_web, cheibrodos_lair_caveside_slide

Skill      XL: |  1  2  3  4  5  6  7  8  9 10 11 12 |
---------------+-------------------------------------+-----
Maces & Flails | 3 4 5 6 8 9 10 11 | 11.2
Fighting       | 3 4 5 6 7 |  7.3
Dodging        | 3 |  3.0
Throwing       | 1 3 5 7 8 9 |  9.4
Armour         | 2 4 6 |  6.8
Evocations     | 3 5 |  5.5

Action                   |  1- 3 |  4- 6 |  7- 9 | 10-12 || total
-------------------------+-------+-------+-------+-------++-------
Melee: Mace              |    78 |     1 |       |   356 ||   435
       Whip              |       |   249 |   302 |     6 ||   557
       Punch             |       |     4 |     6 |     6 ||    16
       Quarterstaff      |       |       |    57 |   199 ||   256
       Scimitar          |       |       |       |     5 ||     5
Throw: Boomerang         |       |       |       |    42 ||    42
       Dart              |       |       |       |     9 ||     9
       Large rock        |       |       |       |     1 ||     1
Invok: Berserk           |     1 |     3 |     2 |    10 ||    16
       Trog's Hand       |       |     1 |     4 |     5 ||    10
       Brothers in Arms  |       |       |       |     5 ||     5
Evoke: Wand              |       |       |     3 |     5 ||     8
       Condenser vane    |       |       |       |     1 ||     1
  Use: Scroll            |       |       |    11 |     8 ||    19
       Potion            |       |       |       |     3 ||     3
 Stab: Sleeping          |       |     2 |       |       ||     2
       Distracted        |       |       |     1 |     1 ||     2
Armor: Animal skin       |    25 |    68 |     8 |       ||   101
       Robe              |       |       |    61 |       ||    61
       Steam dragon scal |       |       |    43 |   213 ||   256
Dodge: Dodged            |    43 |    92 |   152 |   303 ||   590

Table legend: (Time is in decaauts)
 A = Elapsed time spent in this place.
 B = Non-inter-level travel time spent in this place.
 C = Inter-level travel time spent in this place.
 D = Time resting spent in this place.
 E = Time spent auto-exploring this place.
 F = Levels seen in this place.
 G = Mean time per level.
                   A        B        C        D        E       F      G
               +--------+--------+--------+--------+--------+-----+--------+
         Total |  11629 |  11137 |    492 |   1003 |   6736 |  17 |  684.1 |
       Dungeon |   9490 |   9018 |    472 |    751 |   5782 |  12 |  790.8 |
        Temple |      1 |      1 |      0 |      0 |      0 |   1 |    1.0 |
          Lair |   1360 |   1340 |     20 |     96 |    787 |   2 |  680.0 |
       Ossuary |    233 |    233 |      0 |      0 |     81 |   1 |  233.0 |
        Bailey |    543 |    543 |      0 |    155 |     84 |   1 |  543.0 |
               +--------+--------+--------+--------+--------+-----+--------+

Top non-repeatable levels by time:
  Lair:1: 1106 daAuts
     D:5: 1088 daAuts
     D:2: 1051 daAuts
     D:9: 981 daAuts
     D:4: 961 daAuts
    D:11: 890 daAuts
    D:10: 800 daAuts
     D:8: 773 daAuts
     D:1: 770 daAuts
     D:7: 717 daAuts
     D:3: 707 daAuts
     D:6: 568 daAuts
  Bailey: 543 daAuts
  Lair:2: 253 daAuts
 Ossuary: 233 daAuts
